 Dungeon Crawl Stone Soup version 0.31.0-11-ge490571c62 (webtiles) character file.

Game seed: 15606343128658235395

7682 Bnni the Spear-Bearer (level 11, -5/82 HPs)
             Began as a Formicid Fighter on Feb 7, 2024.
             Was a Believer of Hepliaklqana.
             Slain by a two-headed ogre
             ... wielding a +0 giant club
              (17 damage)
             ... on level 9 of the Dungeon.
             The game lasted 00:20:52 (11364 turns).

Bnni the Spear-Bearer (Formicid Fighter)           Turns: 11364, Time: 00:20:53

Health: -5/82      AC: 15    Str: 25    XL:     11   Next: 41%
Magic:  15/15      EV:  6    Int:  8    God:    Hepliaklqana [**....]
Gold:   485        SH: 10    Dex: 13    Spells: 10/10 levels left

rFire   + . .        h - +0 halberd
rCold   . . .        c - +0 buckler
rNeg    . . .        C - +0 plate armour
rPois   +            (helmet unavailable)
rElec   .            q - +0 cloak
rCorr   .            p - +0 pair of gloves
SInv    +            J - +0 pair of boots {Stlth+}
Will    +....        F - amulet of reflection Stlth
                     k - ring of poison resistance
HPRegen 0.33/turn    O - ring of protection from fire
MPRegen 0.14/turn

%: reflection
@: no status effects
A: reduced essence, permanent stasis, dig shafts and tunnels, antennae 3, four
strong arms
a: Dig, Shaft Self, Renounce Religion, Recall Ancestor, Ancestor Identity


You were on level 9 of the Dungeon.
You worshipped Hepliaklqana.
Hepliaklqana was pleased with you.
You visited 2 branches of the dungeon, and saw 10 of its levels.
You also visited: Sewer and Bailey.

You collected 485 gold pieces.

Inventory:

Hand Weapons
 a - a +0 trident
 h - a +0 halberd (weapon)
 v - a +2 dagger of venom
Missiles
 s - 39 poisoned darts
 M - 3 throwing nets
 N - 3 curare-tipped darts
Armour
 c - a +0 buckler (worn)
 p - a +0 pair of gloves (worn)
 q - a +0 cloak (worn)
 C - a +0 plate armour (worn)
 J - a +0 pair of boots of stealth (worn)
Jewellery
 k - a ring of poison resistance (left hand)
 x - a ring of protection from cold
 F - an amulet of reflection (around neck)
 K - a ring of ice
 O - a ring of protection from fire (right hand)
Wands
 D - a wand of iceblast (1)
 L - a wand of flame (8)
Scrolls
 b - a scroll of fog
 e - a scroll of silence
 i - 3 scrolls of vulnerability {unknown}
 j - 4 scrolls of teleportation {unknown}
 l - a scroll of torment
 n - 2 scrolls of enchant weapon {unknown}
 o - a scroll of immolation {unknown}
 y - a scroll of brand weapon
 A - a scroll of noise {unknown}
 E - a scroll of revelation {unknown}
 G - a scroll of amnesia {unknown}
 P - a scroll of fear {unknown}
Potions
 d - a potion of attraction {unknown}
 f - 3 potions of degeneration {unknown}
 g - 2 potions of brilliance
 m - 3 potions of mutation
 r - 5 potions of curing
 t - a potion of haste {unknown}
 u - 2 potions of magic
 w - 2 potions of heal wounds
 z - a potion of invisibility {unknown}
 B - a potion of cancellation {unknown}
 H - a potion of lignification {unknown}
 I - 4 potions of enlightenment


   Skills:
 + Level 10.5 Fighting
 * Level 12.6 Polearms
 - Level 4.6 Armour
 - Level 5.5 Shields
 + Level 6.6 Invocations


You had 10 spell levels left.
You didn't know any spells.
Your spell library contained the following spells:

 Spells                   Type           Power      Damage    Failure   Level
 Sandblast                Erth           0%         2d4       100%        1
 Shock                    Conj/Air       0%         1d3       100%        1
 Slow                     Hex            0%         N/A       100%        1
 Confusing Touch          Hex            0%         N/A       100%        3
 Passwall                 Erth           0%         N/A       100%        3
 Sigil of Binding         Hex            0%         N/A       100%        3
 Stone Arrow              Conj/Erth      0%         3d7       100%        3
 Vampiric Draining        Necr           0%         2d6       100%        3
 Airstrike                Air            0%         2d(0-16)  100%        4
 Brom's Barrelling Bould  Conj/Erth      0%         2d3       100%        4
 Swiftness                Air            Unusable   N/A       N/A         3

Dungeon Overview and Level Annotations

Branches:
Dungeon (9/15)             Temple (1/1) D:7           Sewer (visited)
 Bailey (visited)
   Lair: D:8-11         Orc: D:9-12

Altars:
Ashenzari
Cheibriados
Dithmenos
Elyvilon
Fedhas
Gozag
Hepliaklqana
Kikubaaqudgha
Makhleb
Nemelex Xobeh
Okawaru
Qazlal
Ru
Sif Muna
Trog
Uskayaw
Vehumet
Wu Jian
Xom
Yredelemnul
Zin

Shops:
D:5 :

Annotations:
Temple 2 transporters


Innate Abilities, Weirdness & Mutations

Your life essence is reduced to manifest your ancestor. (-10% HP)
You cannot be hasted, slowed, berserked, paralysed or teleported.
You can dig through walls and to a lower floor.
You have a pair of large antennae on your head. (SInv)
Your four strong arms can wield two-handed weapons with a shield.


Message History

You climb downwards.
The killer bee stings you but does no damage.
You block the killer bee's attack. x2
The black bear bites you but does no damage.
The black bear claws you but does no damage. x2
The killer bee stings you but does no damage.
The two-headed ogre hits you with a +0 giant club!!
The two-headed ogre hits you with a +0 giant spiked club!!
The acid dragon spits acid at you. The splash of acid hits you!
The black bear bites you.
* * * LOW HITPOINT WARNING * * *
The black bear claws you but does no damage.
The black bear claws you.
* * * LOW HITPOINT WARNING * * *
The killer bee completely misses you.
The killer bee stings you but does no damage.
There is a stone staircase leading up, spattered with blood here.
Okay, then.
Okay, then.
Unknown command.
Okay, then.
Okay, then.
Okay, then.
Throw: 4 darts (curare)
Press: ? - help, Shift-Dir - straight line, f - two-headed ogre
Aim: a two-headed ogre, wielding a +0 giant club and a +0 giant spiked club (75% to hit)
You throw a curare-tipped dart.
The curare-tipped dart hits the two-headed ogre.
The two-headed ogre is poisoned.
The two-headed ogre struggles to breathe.
The two-headed ogre seems to slow down.
The two-headed ogre is lightly wounded.
The killer bee completely misses you. The killer bee stings you!
* * * LOW HITPOINT WARNING * * *
The killer bee stings you but does no damage. x2
You block the black bear's attack. The black bear claws you.
* * * LOW HITPOINT WARNING * * *
The black bear claws you but does no damage.
The two-headed ogre hits you with a +0 giant club!
You die...

.P...####...............
..^.P.PPP.P.P....y).......
..!....PP...P..D#)))=..[...
......PP.PP.P...#.{........
...............##.{{.......
.............###..){{......
....................{D.....
.........hy..........O.....
.........y@R...............
.......<..Oy.....(.........
...........................
..............[............
...........................
.............###...........
............## ##..........
............# #..........
.......[....# #..........


You could see the friendly Stabby McGee the hexer, a two-headed ogre (very
poisoned, slow), a black bear, an acid dragon (catching breath) and 3 killer
bees.

Vanquished Creatures
  Erica (D:9)
  An orc knight (Bailey)
  Maggie (D:8)
  A komodo dragon (D:9)
  The ghost of Tomate the Changeling, an amateur OpSh (D:5)
  3 yaks (D:8)
  4 wyverns
  2 steam dragons
  2 water moccasins
  8 orc warriors
  2 black bears
  2 ice beasts
  A sky beast (D:7)
  An ogre (D:4)
  2 centaurs
  The ghost of Killerpretzel the Changeling, an amateur OpSh (D:3)
  A phantom (D:5)
  3 kobold brigands (Sewer)
  3 gnoll sergeants (D:6)
  4 scorpions
  3 wights (D:8)
  The ghost of Couri the Trooper, a weakling OnWr (D:3)
  9 killer bees
  3 hounds
  A jelly (D:5)
  A bombardier beetle (D:5)
  2 gnoll boudas
  2 orc priests
  A sleepcap (D:5)
  2 iguanas
  5 orc wizards
  24 gnolls
  16 adders
  6 river rats (Sewer)
  2 white imps
  3 dart slugs
  A ribbon worm (D:5)
  19 orcs
  7 ball pythons
  9 bats
  8 endoplasms
  2 giant cockroaches
  15 goblins
  6 hobgoblins
  32 kobolds
  3 quokkas
  A frilled lizard (D:1)
  28 rats
256 creatures vanquished.

Vanquished Creatures (collateral kills)
  A sky beast (D:7)
  A kobold brigand (D:8)
  2 orc priests (D:9)
  An orc wizard (D:8)
  A kobold (D:8)
6 creatures vanquished.

Vanquished Creatures (others)
  Maurice (D:8)
  An ancestor (D:8)
  A hexer (D:9)
  A gnoll (D:6)
  A kobold (D:8)
5 creatures vanquished.

Grand Total: 267 creatures vanquished

Notes
Turn   | Place    | Note
-------+----------+-------------------------------------------
     0 | D:1      | Bnni the Formicid Fighter began the quest for the Orb.
     0 | D:1      | Reached XP level 1. HP: 18/18 MP: 1/1
    36 | D:1      | Found a faded altar of an unknown god.
   223 | D:1      | Reached XP level 2. HP: 24/24 MP: 2/2
  1091 | D:2      | Reached XP level 3. HP: 28/29 MP: 3/3
  1552 | D:2      | Reached XP level 4. HP: 37/37 MP: 4/4
  1858 | D:3      | Found a runed translucent gate.
  1858 | D:3      | Found a runed translucent gate.
  1911 | D:3      | Found a runed translucent gate.
  1917 | D:3      | Noticed Killerpretzel's ghost (amateur OpSh)
  1917 | D:3      | Noticed Couri's ghost (weakling OnWr)
  2513 | D:3      | Killed Couri's ghost
  2514 | D:3      | Reached skill level 3 in Polearms
  2514 | D:3      | Reached skill level 5 in Shields
  2514 | D:3      | Reached XP level 5. HP: 9/42 MP: 5/5
  2647 | D:3      | Killed Killerpretzel's ghost
  2648 | D:3      | Reached XP level 6. HP: 36/49 MP: 6/6
  2894 | D:4      | Found a glowing drain.
  2938 | Sewer    | Entered a sewer
  3121 | Sewer    | Reached skill level 4 in Polearms
  3235 | Sewer    | Reached XP level 7. HP: 47/55 MP: 7/7
  3236 | Sewer    | Reached skill level 5 in Fighting
  3550 | Sewer    | Reached skill level 5 in Polearms
  4146 | D:4      | Found a basalt altar of Yredelemnul.
  4286 | D:4      | Noticed a water moccasin
  4302 | D:4      | Killed a water moccasin
  4303 | D:4      | Reached XP level 8. HP: 41/64 MP: 8/8
  4431 | D:4      | Found a white marble altar of Elyvilon.
  4495 | D:4      | Reached skill level 6 in Polearms
  4922 | D:4      | Found a burning altar of Makhleb.
  5013 | D:5      | Entered Level 5 of the Dungeon
  5111 | D:5      | Found a runed translucent door.
  5113 | D:5      | Noticed Tomate's ghost (amateur OpSh)
  5124 | D:5      | Killed Tomate's ghost
  5183 | D:5      | Found a blossoming altar of Fedhas.
  5196 | D:5      | Reached skill level 7 in Polearms
  5491 | D:5      | Found Qumiq's Self-Published Books.
  5603 | D:5      | Reached XP level 9. HP: 10/72 MP: 9/9
  5606 | D:5      | HP: 2/72 [orc priest/nerve-wracking pain (7)]
  5865 | D:5      | Reached skill level 8 in Polearms
  5990 | D:5      | Found a shimmering altar of Xom.
  6925 | D:6      | Reached skill level 9 in Polearms
  7256 | D:6      | Found an ornate altar of the Wu Jian Council.
  7270 | D:6      | Found a glowing silver altar of Zin.
  8056 | D:7      | Found a staircase to the Ecumenical Temple.
  8065 | Temple   | Found a transporter.
  8065 | Temple   | Found a transporter.
  8065 | Temple   | Found a transporter.
  8065 | Temple   | Found a transporter.
  8065 | Temple   | Entered the Ecumenical Temple
  8078 | Temple   | Became a worshipper of Hepliaklqana the Forgotten
  8128 | D:7      | Found a flagged portal.
  8142 | Bailey   | Entered a bailey
  8236 | Bailey   | Reached skill level 1 in Invocations
  8245 | Bailey   | Reached skill level 10 in Polearms
  8245 | Bailey   | Reached XP level 10. HP: 40/82 MP: 9/11
  8469 | Bailey   | Noticed an orc knight
  8488 | Bailey   | Killed an orc knight
  8503 | Bailey   | HP: 3/83 [orc warrior/+0 war axe (10)]
  9243 | D:7      | Reached skill level 11 in Polearms
  9244 | D:7      | Reached * piety under Hepliaklqana
  9883 | D:8      | Noticed Maggie
  9897 | D:8      | Killed Maggie
 10095 | D:8      | Found a hide-covered altar of Uskayaw.
 10362 | D:8      | Reached skill level 5 in Invocations
 10400 | D:8      | Noticed Maurice
 10406 | D:8      | Killed Maurice
 10407 | D:8      | Reached XP level 11. HP: 81/81 MP: 14/14
 10423 | D:8      | Reached skill level 10 in Fighting
 10677 | D:8      | Reached skill level 12 in Polearms
 10915 | D:9      | Reached ** piety under Hepliaklqana
 10916 | D:9      | Remembered your ancestor Stabby McGee as a hexer
 10929 | D:9      | Noticed Erica
 10945 | D:9      | Killed Erica
 11195 | D:9      | Noticed a two-headed ogre
 11364 | D:9      | Slain by a two-headed ogre

Illustrated notes

Levels and vault maps discovered:
D:1:      dpeg_arrival_brainrot, layout_loops_corners,
          dreamdust_ecumenical_altar_grove
D:2:      layout_loops_ring
D:3:      layout_basic, gammafunk_ghost_cemetery, chequers_garden
D:4:      layout_loops_corners, kennysheep_ying_yang,
          makhleb_blood_cavern_becter, gup_sewer_entry_glass, st_stairs_11,
          nrook_campfire, kennysheep_generic_room_10
D:5:      layout_basic, fedhas_bush_and_centaur_altar,
          mainiacjoe_overflow_24_doors, ebering_ghost_sewer_d,
          nicolae_custom_books
D:6:      layout_gridville, minitemple
D:7:      layout_layer_cave, minmay_temple_entry_junction_2, enter_bailey_3,
          nicolae_benzene_ring
D:8:      layout_loops_cross, lemuel_coloured_pillars_altar, uniq_maurice,
          uniq_maggie
D:9:      layout_big_octagon, grunt_lair_entry_orc_guard_hut,
          nicolae_diode_quadrants, uniq_jeremiah, uniq_erica
Temple:   hellmonk_temple_divided_pantheon

Skill      XL: |  1  2  3  4  5  6  7  8  9 10 11 |
---------------+----------------------------------+-----
Armour         | 4 |  4.6
Fighting       | 4 5 7 8 9 10 | 10.5
Polearms       | 3 4 5 7 10 11 12 | 12.6
Shields        | 5 |  5.5
Invocations    | 1 5 6 |  6.6

Action                     |  1- 3 |  4- 6 |  7- 9 | 10-12 || total
---------------------------+-------+-------+-------+-------++-------
  Melee: Trident           |    77 |   182 |   158 |       ||   417
         Halberd           |       |       |   330 |   255 ||   585
  Throw: Dart              |       |       |     3 |    14 ||    17
         Throwing net      |       |       |       |     1 ||     1
 Invoke: Ancestor Identity |       |       |       |     1 ||     1
         Ancestor Life: He |       |       |       |     1 ||     1
Ability: Dig               |       |       |     6 |       ||     6
  Evoke: Wand              |       |       |       |     4 ||     4
    Use: Potion            |       |     1 |     1 |     1 ||     3
         Scroll            |       |       |     8 |     1 ||     9
   Stab: Distracted        |       |       |       |     2 ||     2
         Confused          |       |       |       |     2 ||     2
 Armour: Scale mail        |    33 |   115 |   331 |    36 ||   515
         Plate armour      |       |       |       |   106 ||   106
  Dodge: Dodged            |    23 |    64 |   193 |    48 ||   328
  Block: Buckler           |    18 |    46 |   179 |   109 ||   352
         Reflection        |       |       |    24 |     9 ||    33
